 Dungeon Crawl Stone Soup version 0.24-a0-439-g6dd8730de2 (webtiles) character file.

Game seed: 1300230753728322592

86 nikopol the Firebug (level 4, -2/24 HPs)
             Began as a Deep Elf Fire Elementalist on June 18, 2019.
             Killed from afar by an orc wizard (7 damage)
             ... with a magic dart
             ... on level 3 of the Dungeon.
             The game lasted 00:04:55 (2385 turns).

nikopol the Firebug (Deep Elf Fire Elementalist)    Turns: 2385, Time: 00:04:55

Health: -2/24      AC:  3    Str:  5    XL:     4   Next: 27%
Magic:  2/12       EV: 13    Int: 21    God:
Gold:   88         SH:  0    Dex: 15    Spells: 5/11 levels left

rFire    . . .     SeeInvis .   k - +0 dagger
rCold    . . .     Gourm    .   (no shield)
rNeg     . . .     Faith    .   a - +0 robe
rPois    .         Spirit   .   (no helmet)
rElec    .         Reflect  .   d - +0 cloak
rCorr    .         Harm     .   (no gloves)
MR       .....                  (no boots)
Stlth    ++........             (no amulet)
HPRegen  0.08/turn              (no ring)
MPRegen  0.13/turn              (no ring)

@: very slightly contaminated
A: no striking features
a: no special abilities


You were on level 3 of the Dungeon.
You were not hungry.

You visited 1 branch of the dungeon, and saw 3 of its levels.

You collected 88 gold pieces.

Inventory:

Hand Weapons
 k - a +0 dagger (weapon)
Armour
 a - a +0 robe (worn)
 d - a +0 cloak (worn)
Jewellery
 i - an uncursed amulet of faith {unknown}
Scrolls
 b - 5 scrolls of identify {unknown}
 f - 2 scrolls of blinking {unknown}
 h - a scroll of teleportation {unknown}
 j - 2 scrolls of remove curse {unknown}
Potions
 e - 2 potions of brilliance {unknown}
 g - a potion of might {unknown}
 l - a potion of heal wounds {unknown}
 m - a potion of curing {unknown}
Comestibles
 c - 4 rations


   Skills:
 + Level 2.6 Dodging
 + Level 3.2 Stealth
 + Level 4.2 Spellcasting
 + Level 1.8 Conjurations
 + Level 4.3 Fire Magic


You had 5 spell levels left.
You knew the following spells:

 Your Spells              Type           Power        Failure   Level  Hunger
a - Flame Tongue          Conj/Fire      ###..        3%          1    None
b - Throw Flame           Conj/Fire      ###...       4%          2    #......
c - Conjure Flame         Conj/Fire      ###.....     10%         3    ###....

Your spell library contained the following spells:

 Spells                   Type           Power        Failure   Level  Hunger
 Inner Flame              Hex/Fire       ##......     14%         3    ###....
 Sticky Flame             Conj/Fire      ###.....     32%         4    ####...
 Fireball                 Conj/Fire      ###.......   67%         5    ######.


Dungeon Overview and Level Annotations

Branches:
Dungeon (3/15)

Altars:
Ashenzari
Okawaru
Ru


Message History

Aim: an orc priest, wielding a +0 hand axe and wearing a +0 leather armour (heavily wounded)
The puff of flame hits the orc priest but does no damage.
The orc priest is heavily wounded.
The orc throws a silver boomerang.
The silver boomerang hits you.
* * * LOW HITPOINT WARNING * * *
x2 The weapon returns to the orc!
An orc wizard comes into view. It is wielding a +1 dagger of venom.
Casting: Throw Flame (safe; 4% risk of failure)
Confirm with . or Enter, or press ? or * to list all spells.
Aiming: Throw Flame (safe; 4% risk of failure)
Press: ? - help, Shift-Dir - straight line, f/p - orc priest
Aim: an orc priest, wielding a +0 hand axe and wearing a +0 leather armour (heavily wounded)
The puff of flame hits the orc.
The orc is severely wounded.
The orc throws a silver boomerang.
The silver boomerang closely misses you.
The weapon returns to the orc!
The orc wizard casts a spell at you. The magic dart hits you!
You die...

##. .#...... #..
.'.o.oo. #..#
.#...o..
#.).##.#......
.....#.....
#...#⌠.. +##.
#...#.#......
#......# ..#
.#####.#@#..#†..
.......#.##..#.##.
###....<.[....o
#.#.#.....#..
#.#.#.###.#
#.#.#.# .# #.#.#.#
# #.#.#.# #.#.#.#


You could see an orc priest, an orc wizard and 2 orcs.

Vanquished Creatures
  2 adders (D:2)
  An ooze (D:1)
  A worm (D:2)
  A dart slug (D:2)
  A leopard gecko (D:2)
  2 orcs (D:3)
  A giant cockroach (D:2)
  8 goblins
  9 hobgoblins
  7 jackals (D:1)
  2 quokkas
  A bat (D:2)
  3 frilled lizards
  5 kobolds
  8 rats
52 creatures vanquished.

Notes
Turn   | Place    | Note
-------+----------+-------------------------------------------
     0 | D:1      | nikopol the Deep Elf Fire Elementalist began the quest for
                  | the Orb.
     0 | D:1      | Reached XP level 1. HP: 10/10 MP: 6/6
   257 | D:1      | Reached XP level 2. HP: 8/15 MP: 0/8
   919 | D:1      | Reached XP level 3. HP: 17/19 MP: 0/10
   923 | D:1      | Learned a level 2 spell: Throw Flame
   927 | D:1      | Learned a level 3 spell: Conjure Flame
  1375 | D:2      | Found a sacrificial altar of Ru.
  1447 | D:2      | Reached XP level 4. HP: 24/24 MP: 3/12
  1888 | D:2      | Found an iron altar of Okawaru.
  2374 | D:3      | Found a shattered altar of Ashenzari.
  2385 | D:3      | Killed from afar by an orc wizard

Levels and vault maps discovered:
D:1:      dpeg_arrival_morbid_curiosity, layout_loops_ring
D:2:      layout_rooms, marbit_many_paths, nicolae_ru_the_path_less_chosen
D:3:      layout_basic, first_ration, evilmike_ruin_ashenzari

Skill      XL: |  1  2  3 |
---------------+----------+-----
Fire Magic     | 4 |  4.3
Stealth        | 3 |  3.2
Spellcasting   | 4 |  4.2
Dodging        | |  2.6
Conjurations   | |  1.8

Action                   |  1- 3 |  4- 6 || total
-------------------------+-------+-------++-------
Melee: Unarmed           |     1 |       ||     1
 Cast: Flame Tongue      |    68 |    21 ||    89
       Throw Flame       |     3 |     9 ||    12
  Eat: Chunk             |     1 |     3 ||     4
Armor: Robe              |    10 |       ||    10
Dodge: Dodged            |    22 |     3 ||    25

Table legend:
 A = Non-vault XP
 B = Vault XP
 C = Vault XP percentage of total XP
 D = Non-vault monster count
 E = Vault monster count
 F = Vault count percentage of total count
                 A         B        C        D         E       F
            +---------+---------+-------+---------+---------+-------
      Total |     110 |      14 |  11.3 |      46 |       6 |  11.5
            +---------+---------+-------+---------+---------+-------
        D:1 |      36 |       9 |  20.0 |      17 |       5 |  22.7
        D:2 |      62 |       5 |   7.5 |      23 |       1 |   4.2
        D:3 |      12 |       0 |   0.0 |       6 |       0 |   0.0
            +---------+---------+-------+---------+---------+-------
